 Dungeon Crawl Stone Soup version 0.31.0-32-g396128a36d (webtiles) character file.

Game seed: 4308538445413384718

898 firemarshallily the Covered (level 7, -8/61 HPs)
             Began as an Armataur Fighter on Apr 15, 2024.
             Was a Believer of Okawaru.
             Killed by divine providence
             ... invoked by an orc priest
              (13 damage)
             ... on level 5 of the Dungeon.
             The game lasted 00:05:57 (3491 turns).

firemarshallily the Covered (Armataur Fighter)      Turns: 3491, Time: 00:05:58

Health: -8/61      AC:  7    Str: 23    XL:     7   Next: 79%
Magic:  7/7        EV:  7    Int:  8    God:    Okawaru [**....]
Gold:   318        SH:  5    Dex: 10    Spells: 6/6 levels left

rFire   . . .        a - +0 flail
rCold   . . .        c - +0 buckler
rNeg    . . .        b - +0 scale mail
rPois   .            (no helmet)
rElec   .            (no cloak)
rCorr   .            (no gloves)
SInv    .            (no barding)
Will    .....        (no amulet) Stlth
                     (no ring)
HPRegen 0.95/turn    (no ring)
MPRegen 0.43/turn

%: roll
@: mighty
A: large, deformed body, tough skin 3, armoured tail, roll 2
a: Renounce Religion, Heroism


You were on level 5 of the Dungeon.
You worshipped Okawaru.
Okawaru was pleased with you.
You visited 1 branch of the dungeon, and saw 5 of its levels.

You collected 318 gold pieces.

Inventory:

Hand Weapons
 a - a +0 flail (weapon)
Missiles
 j - 3 atropa-tipped darts (quivered)
Armour
 b - a +0 scale mail (worn)
 c - a +0 buckler (worn)
Scrolls
 f - 4 scrolls of identify {unknown}
 g - a scroll of torment {unknown}
 h - a scroll of amnesia {unknown}
 i - a scroll of blinking {unknown}
 l - a scroll of teleportation {unknown}
 m - a scroll of noise {unknown}
 n - a scroll of enchant armour {unknown}
 o - a scroll of poison {unknown}
 p - a scroll of fog {unknown}
 r - a scroll of immolation {unknown}
 t - a scroll of revelation {unknown}
Potions
 d - a potion of might
 e - a potion of attraction
 s - a potion of brilliance {unknown}


   Skills:
 * Level 5.5 Fighting
 * Level 4.9 Maces & Flails
 + Level 5.6 Armour
 + Level 5.0 Shields


You had 6 spell levels left.
You didn't know any spells.
Your spell library contained the following spells:

 Spells                   Type           Power      Damage    Failure   Level
 Magic Dart               Conj           0%         1d3       77%         1
 Blink                    Tloc           0%         N/A       88%         2
 Gell's Gravitas          Tloc           0%         N/A       98%         3
 Teleport Other           Tloc           0%         N/A       98%         3
 Dispersal                Tloc           0%         N/A       100%        6
 Call Imp                 Summ           Unusable   N/A       N/A         2

Dungeon Overview and Level Annotations

Branches:
Dungeon (5/15)             Temple (0/1) D:4

Altars:
Okawaru
Sif Muna
Uskayaw
Vehumet
The Shining One

Shops:
D:1 *

Annotations:
D:2 1 runed translucent door, Crazy Yiuf


Innate Abilities, Weirdness & Mutations

Armour fits poorly on your strangely shaped body.
You have extremely tough skin. (AC +3)
You have a long armoured tail.
You regenerate magic and health when rolling toward enemies. (Rampage Regen)


Message History

The orc warrior hits you but does no damage.
The orc priest calls upon Beogh to heal the orc wizard.
The orc wizard is healed somewhat.
You closely miss the orc warrior.
The orc shouts!
Your tail-slap misses the orc warrior.
Something hits you.
The orc wizard hits you but does no damage.
You hit the orc wizard.
You tail-slap the orc wizard, but do no damage.
The orc wizard is severely wounded.
You block the orc warrior's attack. Something hits you.
The orc priest hits you with a +0 flail.
The orc wizard hits you but does no damage.
You closely miss the orc wizard.
Your tail-slap misses the orc wizard.
The orc wizard is severely wounded.
You block the orc warrior's attack.
The orc wizard hits you with a +0 dagger.
Something hits you.
The orc priest hits you with a +0 flail!
You sock the orc wizard!
You kill the orc wizard!
Okawaru accepts your kill.
The orc warrior hits you with a +0 battleaxe!
Something hits you but does no damage. The orc hits you with a +0 flail.
You block the orc priest's attack.
Unknown command.
You closely miss the orc priest.
The orc warrior hits you with a +0 battleaxe!
* * * LOW HITPOINT WARNING * * *
The orc priest mumbles some strange prayers to Beogh against you.
Pain shoots through your body!
* * * LOW HITPOINT WARNING * * *
Something hits you.
* * * LOW HITPOINT WARNING * * *
The orc hits you but does no damage.
It was a potion of magic.
Magic courses through your body. You block the orc warrior's attack.
The orc priest calls down the wrath of Beogh upon you.
Beogh smites you!
You die...

########.
##############....... .
#...#......##.#######
..#...#......#..#.....#
...............#.#.#.# .
#..............#|#..
...##......###...#.#.#.#
......o{...# #...#.....#
.....oo@...# #...#######
......oo...# #..........
...........# #...#......
.....<.....# #...##.....
...........# #...##.....
.....######. ..... ....
..... .. ..... ..


You could see an orc warrior, an orc priest and 3 orcs.

Vanquished Creatures
  Sigmund (D:3)
  An ice beast (D:3)
  2 phantoms (D:5)
  2 ogres
  A howler monkey (D:5)
  A bombardier beetle (D:5)
  A jelly (D:4)
  A gnoll bouda (D:5)
  An orc priest (D:3)
  3 orc wizards
  2 adders
  2 dart slugs
  3 ribbon worms
  7 orcs
  5 bats
  8 endoplasms
  6 giant cockroaches
  2 hobgoblins
  8 jackals (D:4)
  4 quokkas
  8 ball pythons
  3 frilled lizards
  10 goblins
  7 kobolds
  5 rats
94 creatures vanquished.

Notes
Turn   | Place    | Note
-------+----------+-------------------------------------------
     0 | D:1      | firemarshallily the Armataur Fighter began the quest for
                  | the Orb.
     0 | D:1      | Reached XP level 1. HP: 18/18 MP: 1/1
   114 | D:1      | Reached XP level 2. HP: 23/25 MP: 2/2
   166 | D:1      | Found Lujyodoobi's General Store.
   577 | D:1      | Reached XP level 3. HP: 27/31 MP: 3/3
  1536 | D:2      | Found a runed translucent door.
  1537 | D:2      | Noticed Crazy Yiuf
  1621 | D:3      | Found a shimmering blue altar of Sif Muna.
  1631 | D:3      | Reached XP level 4. HP: 23/38 MP: 4/4
  1700 | D:3      | Found a glowing golden altar of the Shining One.
  1705 | D:3      | Found an iron altar of Okawaru.
  1710 | D:3      | Became a worshipper of Warmaster Okawaru
  1774 | D:3      | Found a radiant altar of Vehumet.
  1845 | D:3      | Noticed Sigmund
  1853 | D:3      | Killed Sigmund
  1854 | D:3      | Reached XP level 5. HP: 34/46 MP: 5/5
  1967 | D:3      | Found a hide-covered altar of Uskayaw.
  2256 | D:3      | Noticed an ice beast
  2266 | D:3      | Killed an ice beast
  2267 | D:3      | Reached XP level 6. HP: 35/53 MP: 6/6
  2597 | D:4      | Reached * piety under Okawaru
  2792 | D:4      | Found a staircase to the Ecumenical Temple.
  2793 | D:4      | Reached skill level 5 in Armour
  3076 | D:4      | Gained mutation: You regenerate magic and health when
                  | rolling toward enemies. (Rampage Regen) [Armataur growth]
  3076 | D:4      | Reached XP level 7. HP: 49/60 MP: 7/7
  3288 | D:5      | Entered Level 5 of the Dungeon
  3310 | D:5      | Reached skill level 5 in Fighting
  3334 | D:5      | Reached ** piety under Okawaru
  3335 | D:5      | Reached skill level 5 in Shields
  3467 | D:5      | Identified the staff of Pisuupna {rElec rN+++ Stlth- Tloc
                  | Ice Air}
  3491 | D:5      | Killed from afar by an orc priest

Illustrated notes

Levels and vault maps discovered:
D:1:      minmay_arrival_three_doors, layout_basic, serial_shops, shop
D:2:      layout_loops_cross, uniq_crazy_yiuf_cottage
D:3:      layout_basic, mainiacjoe_overflow_six_doors_small,
          amcnicky_altar_gilded, gammafunk_temple_overflow_forgotten,
          uniq_sigmund
D:4:      layout_rooms, temple_pool_b, serial_curves, eino_curves_04,
          eino_curves_02, eino_curves_02, kennysheep_boxes
D:5:      lemuel_ratsnest, layout_basic, biasface_ghost_orc_armoury,
          minmay_checkerbox, uniq_edmund

Skill      XL: |  1  2  3  4  5  6  7 |
---------------+----------------------+-----
Maces & Flails | 2 3 4 |  4.9
Fighting       | 3 4 5 |  5.5
Armour         | 4 5 |  5.6
Shields        | 4 5 |  5.0

Action                     |  1- 3 |  4- 6 |  7- 9 || total
---------------------------+-------+-------+-------++-------
  Melee: Flail             |   123 |   137 |    40 ||   300
         Tailslap          |    10 |    16 |     9 ||    35
    Use: Potion            |       |       |     4 ||     4
 Armour: Scale mail        |    94 |   113 |    49 ||   256
  Dodge: Dodged            |    32 |    49 |    10 ||    91
  Block: Buckler           |    21 |    36 |     9 ||    66
